 Dungeon Sprint DCSS version 0.31-a0-841-g038b102fc3 (webtiles) character file.

Game seed: 899934293082310506

4 sircluck the Ruffian (level 1, -14/33 HPs)
             Began as a Troll Berserker on Sept 27, 2023.
             Was a Follower of Trog.
             Demolished by Harold
             ... wielding a +0 halberd
              (18 damage)
             ... in the Dungeon (Sprint VII: "The Pits").
             The game lasted 00:00:09 (25 turns).

sircluck the Ruffian (Troll Berserker)                Turns: 25, Time: 00:00:10

Health: -14/33     AC:  4    Str: 24    XL:     1   Next: 50%
Magic:  0/0        EV: 10    Int:  3    God:    Trog [*.....]
Gold:   0          SH:  0    Dex:  9    Spells: 0/0 levels left

rFire   . .          .
                       - Unarmed
rCold   . . .        (no shield)
rNeg    . . .        a - +0 animal skin
rPois   .            (helmet restricted)
rElec   .            (no cloak)
rCorr   .            (gloves unavailable)
SInv    .            (boots unavailable)
Will    .....        (no amulet) Stlth
                     (no ring)
HPRegen 1.05/turn    (no ring)
MPRegen 0.07/turn

%: no teleportation
@: berserking, marked, very quick
A: large, unfitting armour, claws 3, regeneration 1, shaggy fur 1, tough skin 1
a: Renounce Religion, Berserk


You were in the Dungeon.
You worshipped Trog.
Trog was aware of your devotion.
You visited 1 branch

Inventory:

Armour
 a - a +0 animal skin (worn)
Scrolls
 g - a scroll of blinking
Potions
 b - a potion of curing
 c - a potion of heal wounds
 d - a potion of haste
 e - 2 potions of magic
 f - a potion of berserk rage


   Skills:
 + Level 2.8 Fighting
 + Level 2.9 Dodging
 + Level 3.5 Unarmed Combat


You couldn't memorise any spells.
You didn't know any spells.
Your spell library was empty.

Dungeon Overview and Level Annotations

Branches:
Dungeon (1/1)

Altars:

Annotations:
D Harold


Innate Abilities, Weirdness & Mutations

You are too large for most types of armour.
You have claws for hands.
Your natural rate of healing is unusually fast.
You are covered in fur. (AC +1)
You have tough skin. (AC +1)


Message History

The orc wizard shouts!
The orc shouts! x2
The jelly quivers.
Harold throws a throwing net.
The throwing net hits you.
You become entangled in the net!
The orc wizard gestures at you while chanting.
The puff of flame hits you.
Unknown command.
Unknown command.
Unknown command.
You can't close doors while held in a net.
You tear a large gash into the net.
You shred the net and break free!
Harold thinks, and says "Perhaps I'll take up fishing after I'm done here..."
You claw the orc!
You kill the orc!
Trog accepts your kill.
Unknown command.
Unknown command.
Unknown command.
You claw the orc!
You kill the orc!
Trog accepts your kill.
Harold hits you from afar with a +0 halberd!
Unknown command.
Unknown command.
Unknown command.
The jelly closely misses you.
Unknown command.
You completely miss Harold. Harold gestures at you while chanting.
A sentinel's mark forms upon you.
The jelly jiggles.
The jelly hits you.
You are splashed with acid!
* * * LOW HITPOINT WARNING * * *
A red film seems to cover your vision as you go berserk!
You feel yourself moving faster!
You feel mighty! Harold hits you with a +0 halberd!!
Ouch! That really hurt!
You die...
Harold sighs, "Nothing for old Harold but model-building after this."

#................+
+................+
#......#..#......#
#................#
####'#####''######
#.......##''#####
#.......##......#
#.......##......#
#...<...###.@..##
#.......# ##@J##
#.......# oo..#
#.......# ......#
##########......+
#......# ##....##
##++##


You could see Harold, a jelly, an orc wizard and an orc.

Vanquished Creatures
  2 orcs (D)
2 creatures vanquished.

Notes
Turn   | Place    | Note
-------+----------+-------------------------------------------
     0 | D        | sircluck the Troll Berserker began the quest for the Orb.
     0 | D        | Reached XP level 1. HP: 22/22 MP: 0/0
    17 | D        | Noticed an orc wizard
    17 | D        | Noticed Harold
    17 | D        | Noticed a jelly
    25 | D        | Demolished by Harold

Illustrated notes

Levels and vault maps discovered:
D:        pitsprint [storerooms_1, entrance_room_1, metal_vault_2, armoury_1,
          mini_pit_1, grid_room_1, main_hall_1, silver_pit, the_coven_3,
          the_vestibule_1, steel_vault_2, golden_pit, hallway_of_sentries,
          crystal_vault_4, iron_vault_2, final_vault]

Action                     || total
---------------------------++-------
  Melee: Unarmed           ||     3
 Invoke: Berserk           ||     1
 Armour: Animal skin       ||     4
  Dodge: Dodged            ||     1

Table legend: (Time is in decaauts)
 A = Elapsed time spent in this place.
 B = Non-inter-level travel time spent in this place.
 C = Inter-level travel time spent in this place.
 D = Time resting spent in this place.
 E = Time spent auto-exploring this place.
 F = Levels seen in this place.
 G = Mean time per level.
                   A        B        C        D        E       F      G
               +--------+--------+--------+--------+--------+-----+--------+
         Total |     24 |     24 |      0 |      0 |     16 |   1 |   24.0 |
       Dungeon |     24 |     24 |      0 |      0 |     16 |   1 |   24.0 |
               +--------+--------+--------+--------+--------+-----+--------+

Top non-repeatable levels by time:
       D: 24 daAuts
